 Dungeon Crawl Stone Soup version 0.31-a0-1009-g454b1f1e0a (webtiles) character file.

Game seed: 11057140404302961198

135 Nedwor the Cutter (level 4, -3/35 HPs)
             Began as a Demonspawn Gladiator on Nov 14, 2023.
             Slain by an ogre
             ... wielding a +0 giant club
              (21 damage)
             ... on level 4 of the Dungeon.
             The game lasted 00:03:00 (2739 turns).

Nedwor the Cutter (Demonspawn Gladiator)            Turns: 2739, Time: 00:03:02

Health: -3/35      AC: 13    Str: 15    XL:     4   Next: 96%
Magic:  4/4        EV: 13    Int:  9    God:
Gold:   196        SH:  0    Dex: 16    Spells: 3/3 levels left

rFire   + . .        q - +0 great sword
rCold   . . .        (shield currently unavailable)
rNeg    . . .        b - +0 leather armour
rPois   .            c - +0 helmet
rElec   .            (no cloak)
rCorr   .            r - +1 pair of gloves of the Good {Rampage rF+ Will+}
SInv    .            l - +0 pair of boots
Will    +....        o - amulet of regeneration
Stlth   +            (no ring)
HPRegen 1.05/turn    (no ring)
MPRegen 0.09/turn

%: rampage
@: sanguine armoured
A: sanguine armour 1
a: no special abilities


You were on level 4 of the Dungeon.
You visited 1 branch of the dungeon, and saw 4 of its levels.

You collected 196 gold pieces.

Inventory:

Hand Weapons
 a - a +1 rapier
 q - a +0 great sword (weapon)
Missiles
 d - 3 throwing nets (quivered)
 e - a javelin
Armour
 b - a +0 leather armour (worn)
 c - a +0 helmet (worn)
 l - a +0 pair of boots (worn)
 r - the +1 pair of gloves of the Good (worn) {Rampage rF+ Will+}
   (You found it on level 2 of the Dungeon)

   rF+:       It protects you from fire.
   Will+:     It increases your willpower.
   Rampage:   It bestows one free step when moving towards enemies.
Jewellery
 g - a ring of ice
 o - an amulet of regeneration (around neck)
Wands
 w - a wand of quicksilver (8)
Scrolls
 h - a scroll of amnesia {unknown}
 i - a scroll of fear
 p - 2 scrolls of revelation {unknown}
 t - a scroll of identify
 u - 3 scrolls of teleportation
Potions
 f - a potion of heal wounds
 j - 3 potions of brilliance
 k - a potion of haste {unknown}
 m - 2 potions of degeneration {unknown}
 n - 3 potions of lignification {unknown}
 s - a potion of mutation {unknown}
 v - a potion of might {unknown}


   Skills:
 + Level 3.0 Fighting
 - Level 3.6(3.8) Short Blades
 * Level 1.6(2.9) Long Blades
 - Level 1.7 Throwing
 + Level 3.4 Dodging


You had 3 spell levels left.
You didn't know any spells.
Your spell library contained the following spells:

 Spells                   Type           Power      Damage    Failure   Level
 Blink                    Tloc           0%         N/A       58%         2
 Inner Flame              Hex/Fire       0%         N/A       83%         3
 Manifold Assault         Tloc           0%         N/A       99%         4
 Yara's Violent Unravell  Hex/Tmut       0%         3d3       100%        5
 Enfeeble                 Hex            0%         N/A       100%        7


Dungeon Overview and Level Annotations

Branches:
Dungeon (4/15)
 Temple: D:4-7

Altars:

Shops:
D:1 [   D:3 :


Innate Abilities, Weirdness & Mutations

When seriously injured, your blood forms armour. (AC +6)


Message History

No target in view!
No target in view!
No target in view!
w - a wand of quicksilver (8)
You now have 196 gold pieces (gained 17).
An ogre comes into view. It is wielding a +0 giant club.
The ogre shouts!
You see here a scroll labelled ZIEPHI ISOIFOX.
An ogre is nearby!
An ogre is nearby!
An ogre is nearby!
You rampage towards the ogre!
You rampage towards the ogre!
The ogre barely misses you.
You hit the ogre.
The ogre is lightly wounded.
The ogre barely misses you.
You hit the ogre.
The ogre is lightly wounded.
A kobold comes into view. It is wielding a +0 whip.
The ogre hits you with a +0 giant club!!
Ouch! That really hurt!
Your blood congeals into armour.
You are too injured to fight recklessly!
You are too injured to fight recklessly!
You are too injured to fight recklessly!
You are too injured to fight recklessly!
You are too injured to fight recklessly!
You are too injured to fight recklessly!
You are too injured to fight recklessly!
You are too injured to fight recklessly!
You are too injured to fight recklessly!
You are too injured to fight recklessly!
You are too injured to fight recklessly!
You are too injured to fight recklessly!
The kobold shouts!
You hit the ogre.
The ogre is moderately wounded.
The ogre hits you with a +0 giant club!!
Ouch! That really hurt!
You die...

##### ######.....
#####..........
.................#
.......O.....#....#
.......@....#.#.....
...........#.#.#.....
..........#.#.#.#....# .
#####....#.#.#.#.#....#.
##...?#.#.#.#.#.#.....
##....#.#.#.#.#.#.#....
#....#.#.#K#.#.#.#.#...
#...#.#.#.#.#.#.#.#.#!.
#....#.#.#.#.#.#.#.#...


You could see an ogre and a kobold.

Vanquished Creatures
  2 orc wizards (D:3)
  3 adders (D:2)
  A worm (D:2)
  8 orcs (D:3)
  6 ball pythons
  7 endoplasms
  2 giant cockroaches (D:2)
  5 goblins
  5 hobgoblins
  4 quokkas
  7 bats
  3 frilled lizards
  3 kobolds
  5 rats
61 creatures vanquished.

Notes
Turn   | Place    | Note
-------+----------+-------------------------------------------
     0 | D:1      | Nedwor the Demonspawn Gladiator began the quest for the
                  | Orb.
     0 | D:1      | Reached XP level 1. HP: 16/16 MP: 1/1
   393 | D:1      | Gained mutation: When seriously injured, your blood forms
                  | armour. (AC +6) [demonic ancestry]
   393 | D:1      | Reached XP level 2. HP: 22/22 MP: 2/2
   610 | D:1      | Found Lucacw's Armour Emporium.
  1342 | D:2      | Reached XP level 3. HP: 26/28 MP: 3/3
  1689 | D:2      | Identified the +1 pair of gloves of the Good {Rampage rF+
                  | Will+}
  1708 | D:2      | Reached XP level 4. HP: 34/34 MP: 4/4
  2046 | D:3      | Found a faded altar of an unknown god.
  2063 | D:3      | Reached skill level 1 in Long Blades
  2338 | D:3      | Found Jir Akhleuj's Book Shoppe.
  2734 | D:4      | Noticed an ogre
  2739 | D:4      | Slain by an ogre

Illustrated notes

Levels and vault maps discovered:
D:1:      shiori_arrival_maze, layout_basic, serial_shops,
          nicolae_shop_back_alley_shop
D:2:      cheibrodos_helix_gallery, layout_basic, nrook_mini_vaults,
          minmay_hexomino_c4
D:3:      layout_loops_cross, ebering_ecumenical_altar_sacrificial,
          serial_shops, shop
D:4:      layout_basic, marbit_many_paths, temple_statues, serial_glass,
          glass_columns_b, glass_columns_b, nicolae_the_louvre

Skill      XL: |  1  2  3  4 |
---------------+-------------+-----
Short Blades   | 3 |  3.6
Dodging        | 3 |  3.4
Long Blades    | 1 |  1.6
Fighting       | 3 |  3.0
Throwing       | |  1.7

Action                     |  1- 3 |  4- 6 || total
---------------------------+-------+-------++-------
  Melee: Rapier            |   110 |       ||   110
         Great sword       |     8 |    52 ||    60
    Use: Scroll            |     6 |       ||     6
   Stab: Sleeping          |     1 |       ||     1
 Armour: Leather armour    |    82 |    52 ||   134
  Dodge: Dodged            |   127 |    46 ||   173

Table legend: (Time is in decaauts)
 A = Elapsed time spent in this place.
 B = Non-inter-level travel time spent in this place.
 C = Inter-level travel time spent in this place.
 D = Time resting spent in this place.
 E = Time spent auto-exploring this place.
 F = Levels seen in this place.
 G = Mean time per level.
                   A        B        C        D        E       F      G
               +--------+--------+--------+--------+--------+-----+--------+
         Total |   2778 |   2698 |     80 |      0 |   2256 |   4 |  694.5 |
       Dungeon |   2778 |   2698 |     80 |      0 |   2256 |   4 |  694.5 |
               +--------+--------+--------+--------+--------+-----+--------+

Top non-repeatable levels by time:
     D:1: 1158 daAuts
     D:2: 903 daAuts
     D:3: 668 daAuts
     D:4: 48 daAuts
